 Dungeon Crawl Stone Soup version 0.30-a0-908-g5a111fc481 (webtiles) character file.

Game seed: 17353191770940062428

4684 shadizar the Fighter (level 10, -12/64 HPs)
             Began as a Gargoyle Earth Elementalist on Mar 19, 2023.
             Was an Initiate of Ashenzari.
             Mangled by UltraNumeron's ghost (18 damage)
             ... on level 8 of the Dungeon.
             The game lasted 00:36:07 (8176 turns).

shadizar the Fighter (Gargoyle Earth Elementalist)  Turns: 8176, Time: 00:36:08

Health: -12/64     AC: 16    Str: 13    XL:     10   Next: 44%
Magic:  5/26       EV: 13    Int: 19    God:    Ashenzari [......]
Gold:   384        SH:  0    Dex: 10    Spells: 15/19 levels left

rFire   + . .      SeeInvis .    e - +1 dagger (venom)
rCold   + + .      Faith    .    (no shield)
rNeg    + . .      Spirit   .    K - +2 robe {rC+}
rPois   ∞          Reflect  .    (no helmet)
rElec   +          Rampage  .    x - scarf of the Tethered Augur {rC+ rF+, Melee, Comp} (curse)
rCorr   .                        I - +2 pair of gloves
Will    .....                    G - +1 pair of boots
Stlth   ++                       r - amulet of magic regeneration
HPRegen 0.30/turn                C - ring of magical power
MPRegen 0.60/turn                L - ring of wizardry

@: very slightly contaminated, invisible, very slow
A: sickness immunity, AC +7, negative energy resistance 1, electricity
resistance, torment resistance 1, petrification resistance
a: Renounce Religion, Curse Item, Shatter the Chains


You were on level 8 of the Dungeon.
You worshipped Ashenzari.
Ashenzari was noncommittal.
You visited 2 branches of the dungeon, and saw 9 of its levels.
You also visited: Sewer.

You collected 384 gold pieces.

Inventory:

Hand Weapons
 e - a +1 dagger of venom (weapon)
 k - a +2 short sword of freezing
 l - a +0 sling
 o - a +5 long sword
 v - a +0 shortbow
 z - the +12 executioner's axe of Duiso {distort, Drain Will+ Int+3}
   (You acquired it on level 4 of the Dungeon)

   Int:       It affects your intelligence (+3).
   Drain:     It drains your maximum health when unequipped.
   Will:      It increases your willpower.
 A - a +1 whip of flaming
Missiles
 t - 72 stones
 H - a silver boomerang
Armour
 f - a +0 kite shield
 x - the cursed scarf of the Tethered Augur (worn) {rC+ rF+, Melee, Comp}
   (You found it on level 3 of the Dungeon)

   It has a curse which improves the following skills: Melee Combat: Short
   Blades, Long Blades, Axes, Maces & Flails, Polearms, Staves and Unarmed
   Combat.
   Companions: Summonings and Necromancy.
 G - a +1 pair of boots (worn)
 I - a +2 pair of gloves (worn)
 K - a +2 robe of cold resistance (worn)
Jewellery
 r - an amulet of magic regeneration (around neck)
 s - the amulet "Taot" {Faith Harm Dex+4 Stlth+}
   (You found it on level 3 of the Dungeon)

   [amulet of faith]

   It allows you to gain divine favour quickly.
   Dex:       It affects your dexterity (+4).
   Harm:      It increases damage dealt and taken.
   Stlth:     It makes you more stealthy.
 C - a ring of magical power (left hand)
 L - a ring of wizardry (right hand)
 N - a ring of see invisible
Wands
 c - a wand of mindburst (12)
 p - a wand of light (28)
 q - a wand of flame (19)
 y - a wand of digging (3)
Scrolls
 a - a scroll of enchant weapon
 d - a scroll of brand weapon
 g - a scroll of fear
 w - 3 scrolls of fog
 J - a scroll of silence
Potions
 b - 4 potions of magic
 h - a potion of berserk rage
 j - 2 potions of mutation {unknown}
 m - a potion of ambrosia {unknown}
 n - 2 potions of cancellation {unknown}
 u - 5 potions of heal wounds
 B - a potion of invisibility
 D - a potion of resistance {unknown}
 E - 2 potions of flight
 F - a potion of degeneration {unknown}


   Skills:
 * Level 8.0 Fighting
 - Level 3.7(4.1) Short Blades
 - Level 1.2(1.5) Maces & Flails
 + Level 4.7 Dodging
 + Level 6.8 Stealth
 + Level 5.2 Spellcasting
 + Level 5.2 Conjurations
 - Level 2.0 Transmutations
 + Level 7.5 Earth Magic


You had 15 spell levels left.
You knew the following spells:

 Your Spells              Type           Power      Damage    Failure   Level
a - Sandblast             Erth           66%        2d15      1%          1
b - Stone Arrow           Conj/Erth      58%        3d10      1%          3

Your spell library contained the following spells:

 Spells                   Type           Power      Damage    Failure   Level
 Magic Dart               Conj           96%        1d7       1%          1
 Passwall                 Tmut/Erth      19%        N/A       1%          2
 Searing Ray              Conj           48%        2d6       1%          2
 Petrify                  Tmut/Erth      23%        N/A       7%          4
 Frozen Ramparts          Ice            8%         1d2       16%         3
 Fulminant Prism          Conj/Hex       7%         3d7       16%         4
 Ice Form                 Ice/Tmut       8%         N/A       30%         4
 Summon Ice Beast         Ice/Summ       5%         N/A       43%         4


Dungeon Overview and Level Annotations

Branches:
Dungeon (8/15)             Temple (1/1) D:5           Sewer (visited)
   Lair: D:8-11

Altars:
Ashenzari
Cheibriados
Dithmenos
Elyvilon
Fedhas
Gozag
Hepliaklqana
Nemelex Xobeh
Okawaru
Qazlal
Ru
Trog
Uskayaw
Vehumet
Wu Jian
Xom
Yredelemnul
Zin
The Shining One

Shops:
D:1 ?   D:4 [   D:5 (=[[

Annotations:
D:8 Grum; UltraNumeron's ghost, novice TrFi


Innate Abilities, Weirdness & Mutations

You are immune to sickness and miasma.
Your stone body is resilient. (AC +7)
You are immune to poison.
You resist negative energy. (rN+)
You are resistant to electric shocks. (rElec)
You are resistant to unholy torment.
You are immune to petrification.


Message History

Aim: a wolf (severely wounded, 53% to hit)
The stone arrow hits the wolf!
You kill the wolf!
The gnoll sergeant hits you from afar with a +0 spear.
UltraNumeron's ghost hits you.
Grum hits you from afar with a -2 spear!
Unknown command.
Unknown command.
Unknown command.
You enter the transporter and appear at another place.
UltraNumeron's ghost barely misses you.
Okay, then.
Press: ? - help, v - describe, . - travel
Here: UltraNumeron's ghost The floor.
Okay, then.
You fade into invisibility!
UltraNumeron's ghost barely misses you.
Casting: Stone Arrow (safe; 1% risk of failure)
Confirm with . or Enter, or press ? or * to list all spells.
Aiming: Stone Arrow (safe; 1% risk of failure)
Press: ? - help, Shift-Dir - straight line, f - UltraNumeron's ghost
Aim: UltraNumeron's ghost (unable to see you, 60% to hit)
The stone arrow hits UltraNumeron's ghost but does no damage.
Casting: Stone Arrow (safe; 1% risk of failure)
Confirm with . or Enter, or press ? or * to list all spells.
Aiming: Sandblast (safe; 1% risk of failure)
Press: ? - help, Shift-Dir - straight line, f/p - UltraNumeron's ghost
Aim: UltraNumeron's ghost (wandering, unable to see you, hasn't noticed you, 78% to hit)
The blast of sand hits UltraNumeron's ghost but does no damage.
UltraNumeron's ghost hits you!
UltraNumeron's ghost hits you but does no damage.
UltraNumeron's ghost hits you!!
* * * LOW HITPOINT WARNING * * *
Unknown command.
You enter the shallow water.
Moving in this stuff is going to be slow. ...and don't expect to remain undetected.
UltraNumeron's ghost hits you!!
You die...

#.≈≈##)###.###.##≈≈.
###.≈≈#...........#≈≈.
###...≈≈###.##'##.###≈≈.
#...#.≈≈..#[#...#.#..≈≈.
#.###.≈≈.##.'...(.##.≈≈. #†#
#.≈≈.#..#...#..#.≈≈. ########.#
#.≈≈.##.##.##.##.≈≈. #........#
#.≈≈W.#.#...#.#.....
#..../...###.~@.©#g).©.'.#©....
#............≈≈..#g#8⌠8#.#.....
#.........#..≈≈.##.#####.##.≈≈.
#.........##.≈≈.#©.#=:(#..#.≈≈.
#.........##.≈≈.##.#?.)#.##.≈≈.
#............≈≈..#g#$$$#.#..≈≈.
#........###.≈≈###g##'##.###≈≈.
#.....)..# #.≈≈#$.g..g.....#≈≈.
#....^<..# #O≈≈##.###.###.##≈≈.


You could see Grum, a gnoll sergeant and UltraNumeron's ghost.

Vanquished Creatures
  Maurice (D:8)
  Prince Ribbit (D:7)
  Grinder (Sewer)
  A wraith (D:6)
  3 steam dragons
  2 vampire mosquitoes (D:6)
  2 water moccasins
  A sky beast (D:7)
  3 ice beasts (D:6)
  An orc warrior (D:8)
  A black bear (D:6)
  3 wolves (D:8)
  A centaur (D:6)
  3 bullfrogs
  A phantom (D:6)
  A kobold brigand (D:6)
  A gnoll sergeant (D:8)
  A necrophage (Sewer)
  4 scorpions
  4 wights
  4 killer bees (D:8)
  A howler monkey (D:8)
  4 hounds
  A jelly (D:6)
  5 orc priests
  2 gnoll boudas
  An iguana (D:5)
  A sleepcap (D:8)
  9 orc wizards
  3 adders
  12 gnolls
  A river rat (D:6)
  3 shadow imps (Sewer)
  4 white imps
  5 ufetubi
  An adder zombie (Sewer)
  A worm (D:3)
  2 dart slugs (D:3)
  32 orcs
  8 ball pythons
  8 endoplasms
  5 giant cockroaches
  10 goblins
  4 hobgoblins
  7 jackals (D:1)
  20 kobolds
  3 quokkas
  8 bats
  A frilled lizard (D:1)
  8 rats
210 creatures vanquished.

Vanquished Creatures (others)
  13 plants
13 creatures vanquished.

Grand Total: 223 creatures vanquished

Notes
Turn   | Place    | Note
-------+----------+-------------------------------------------
     0 | D:1      | shadizar the Gargoyle Earth Elementalist began the quest
                  | for the Orb.
     0 | D:1      | Reached XP level 1. HP: 10/10 MP: 3/3
   131 | D:1      | Found Geriocs's Magic Scroll Shop.
   218 | D:1      | Reached skill level 1 in Transmutations
   218 | D:1      | Reached XP level 2. HP: 9/15 MP: 1/5
   394 | D:1      | Reached XP level 3. HP: 10/19 MP: 0/6
  1244 | D:2      | Reached XP level 4. HP: 21/24 MP: 1/7
  1745 | D:2      | Learned a level 3 spell: Stone Arrow
  1861 | D:3      | Identified the amulet "Taot" {Faith Harm Dex+4 Stlth+}
  2271 | D:3      | Reached skill level 1 in Fighting
  2271 | D:3      | Reached XP level 5. HP: 29/29 MP: 4/8
  2615 | D:4      | Found Ruzod's Antique Armour Boutique.
  2847 | D:4      | Noticed a water moccasin
  2865 | D:4      | Killed a water moccasin
  2866 | D:4      | Reached skill level 2 in Fighting
  2866 | D:4      | Reached skill level 1 in Maces & Flails
  2866 | D:4      | Reached XP level 6. HP: 35/35 MP: 5/10
  3438 | D:4      | Identified a scroll of acquirement
  3438 | D:4      | Acquired the +12 executioner's axe of Duiso {distort, Drain
                  | Will+ Int+3}
  3516 | D:5      | Entered Level 5 of the Dungeon
  3652 | D:5      | Found Ixouvon Esat's Weapon Boutique.
  3673 | D:5      | Found Qan Vuaq's Armour Boutique.
  3696 | D:5      | Found Geaxibre's Jewellery Shoppe.
  3848 | D:5      | Reached XP level 7. HP: 40/40 MP: 9/11
  3928 | D:5      | Reached skill level 3 in Fighting
  3928 | D:5      | Reached skill level 1 in Conjurations
  3932 | D:5      | Reached skill level 1 in Short Blades
  3932 | D:5      | Reached skill level 5 in Earth Magic
  4048 | D:5      | Found a staircase to the Ecumenical Temple.
  4067 | D:5      | Found Atibemet's Armour Emporium.
  4082 | Temple   | Entered the Ecumenical Temple
  4256 | Temple   | Became a worshipper of Ashenzari the Shackled
  4617 | D:6      | Found a glowing drain.
  4652 | Sewer    | Entered a sewer
  4830 | Sewer    | Noticed Grinder
  4834 | Sewer    | Killed Grinder
  4835 | Sewer    | Reached XP level 8. HP: 27/48 MP: 10/13
  4842 | Sewer    | Reached skill level 4 in Fighting
  4997 | Sewer    | Found an ancient bone altar of Kikubaaqudgha.
  5407 | D:6      | Reached skill level 5 in Fighting
  5407 | D:6      | Reached skill level 5 in Stealth
  5490 | D:6      | Found a basalt altar of Yredelemnul.
  5537 | D:6      | Found an opulent altar of Gozag.
  5545 | D:6      | Reached XP level 9. HP: 54/54 MP: 13/15
  5942 | D:6      | Reached skill level 6 in Fighting
  6443 | D:7      | Noticed Prince Ribbit
  6447 | D:7      | Killed Prince Ribbit
  6679 | D:7      | Reached skill level 7 in Fighting
  6985 | D:7      | Reached XP level 10. HP: 63/63 MP: 17/17
  7323 | D:8      | Noticed Maurice
  7466 | D:8      | Reached skill level 5 in Spellcasting
  7492 | D:8      | Found a transporter.
  7498 | D:8      | Identified the +1 buckler of the Armoured One {rElec rPois
                  | rN+++ Will-}
  7500 | D:8      | Noticed UltraNumeron's ghost (novice TrFi)
  7562 | D:8      | Killed Maurice
  7652 | D:8      | Noticed Grum
  7704 | D:8      | Reached skill level 5 in Conjurations
  7714 | D:8      | Noticed a two-headed ogre
  7729 | D:8      | Found a transporter.
  8164 | D:8      | Reached skill level 8 in Fighting
  8176 | D:8      | Mangled by UltraNumeron's ghost

Illustrated notes

Levels and vault maps discovered:
D:1:      onia_arrival_pyramid, layout_basic, serial_shops, shop,
          minmay_misc_feat_plants
D:2:      wad_lake_hut, layout_loops_cross
D:3:      layout_basic, hex_large, serial_bayou_lake_a
D:4:      layout_loops_ring, serial_shops, nicolae_shop_hallway_plus
D:5:      layout_cave_pools, minmay_temple_entry_antechambers, serial_shops,
          nicolae_shop_stone, nicolae_stop_n_shop_2,
          nicolae_shop_competitors_out_of_business, nicolae_shop_waterfront,
          kennysheep_flooded_box
D:6:      cheibrodos_barr_body, layout_loops_ring,
          mainiacjoe_overflow_two_lobes, portal_sewer_entry_c,
          dk_rats_in_the_wall
D:7:      layout_loops_ring, uniq_prince_ribbit1
D:8:      layout_rooms, gammafunk_ghost_gnarly_gnolls, minivault_22,
          uniq_maurice
Temple:   bh_familiar_temple

Skill      XL: |  1  2  3  4  5  6  7  8  9 10 |
---------------+-------------------------------+-----
Transmutations | 1 2 |  2.0
Earth Magic    | 4 5 6 7 |  7.5
Dodging        | 2 3 4 |  4.7
Stealth        | 3 4 5 6 |  6.8
Fighting       | 1 2 3 5 7 8 |  8.0
Maces & Flails | 1 |  1.2
Spellcasting   | 3 4 5 |  5.2
Conjurations   | 2 3 4 5 |  5.2
Short Blades   | 1 2 3 |  3.7

Action                     |  1- 3 |  4- 6 |  7- 9 | 10-12 || total
---------------------------+-------+-------+-------+-------++-------
  Melee: Unarmed           |    22 |       |       |       ||    22
         Dagger            |   112 |    64 |    13 |       ||   189
         Punch             |     1 |       |     1 |       ||     2
         Whip              |       |     7 |       |       ||     7
   Cast: Sandblast         |    34 |    74 |   226 |    38 ||   372
         Stone Arrow       |       |       |     4 |    38 ||    42
 Invoke: Curse Item        |       |       |     1 |       ||     1
    Use: Scroll            |       |    13 |     6 |     6 ||    25
         Potion            |       |       |     3 |     1 ||     4
   Stab: Sleeping          |     4 |     3 |       |       ||     7
 Armour: Robe              |    85 |    44 |   110 |    29 ||   268
  Dodge: Dodged            |   115 |    56 |   148 |    43 ||   362

Table legend: (Time is in decaauts)
 A = Elapsed time spent in this place.
 B = Non-inter-level travel time spent in this place.
 C = Inter-level travel time spent in this place.
 D = Time resting spent in this place.
 E = Time spent auto-exploring this place.
 F = Levels seen in this place.
 G = Mean time per level.
                   A        B        C        D        E       F      G
               +--------+--------+--------+--------+--------+-----+--------+
         Total |   8467 |   8235 |    232 |      0 |   5653 |  10 |  846.7 |
       Dungeon |   7673 |   7470 |    203 |      0 |   5186 |   8 |  959.1 |
        Temple |    205 |    176 |     29 |      0 |    163 |   1 |  205.0 |
         Sewer |    587 |    587 |      0 |      0 |    304 |   1 |  587.0 |
               +--------+--------+--------+--------+--------+-----+--------+

Top non-repeatable levels by time:
     D:6: 1346 daAuts
     D:7: 1159 daAuts
     D:2: 1132 daAuts
     D:4: 995 daAuts
     D:5: 876 daAuts
     D:3: 806 daAuts
     D:1: 751 daAuts
     D:8: 605 daAuts
   Sewer: 587 daAuts
  Temple: 205 daAuts
